 Dungeon Crawl Stone Soup version 0.19.4 (webtiles) character file.

551 Gargoyl the Skirmisher (level 7, 0/60 HPs)
             Began as a Ghoul Abyssal Knight on Jan 31, 2017.
             Was a Priest of Lugonu.
             Killed from afar by Dowan (5 damage)
             ... with a stone arrow
             ... on level 4 of the Dungeon.
             The game lasted 00:10:23 (3159 turns).

Gargoyl the Skirmisher (Ghoul Abyssal Knight)       Turns: 3159, Time: 00:10:23

Health: 0/60       AC: 15    Str: 16      XL:     7   Next: 29%
Magic:  4/8        EV:  4    Int:  6 (7)  God:    Lugonu [***...]
Gold:   176        SH:  2    Dex:  9 (10) Spells: 0 memorised, 6 levels left

rFire  + . .     SeeInvis .     g - +0 long sword (drain)
rCold  + + .     Gourm    .     b - +0 plate armour
rNeg   + + +     Faith    .     l - +0 buckler
rPois  ∞         Spirit   .     (no helmet)
rElec  .         Reflect  .     (no cloak)
rCorr  .         Harm     .     f - +0 pair of gloves
MR     .....                    r - +1 pair of boots
Stlth  ..........               (no amulet)
                                q - ring of protection from cold
                                d - ring of protection from fire

@: rotting
A: rotting body, claws 1, carnivore 3, cold resistance 1, negative energy
resistance 3, slow regeneration 1, torment resistance, unbreathing
a: Depart the Abyss, Bend Space, Banish, Renounce Religion


You were on level 4 of the Dungeon.
You worshipped Lugonu.
Lugonu was most pleased with you.
You were not hungry.

You visited 1 branch of the dungeon, and saw 4 of its levels.
You visited the Abyss 1 time.

You collected 176 gold pieces.

Inventory:

Hand Weapons
 a - a +2 hand axe
 g - a +0 long sword of draining (weapon)
Missiles
 j - 5 javelins (quivered)
Armour
 b - a +0 plate armour (worn)
 f - a +0 pair of gloves (worn)
 l - a +0 buckler (worn)
 r - a +1 pair of boots (worn)
Jewellery
 d - a ring of protection from fire (left hand)
 e - an uncursed ring of poison resistance {unknown}
 q - a ring of protection from cold (right hand)
Scrolls
 i - a scroll of blinking
 k - a scroll of remove curse
 m - a scroll of amnesia
 o - a scroll of identify
Comestibles
 c - a meat ration
 h - a beef jerky


   Skills:
 + Level 4.5 Fighting
 + Level 1.0 Long Blades
 + Level 3.8 Axes
 + Level 0.6 Throwing
 * Level 4.3 Armour
 + Level 1.1 Dodging
 * Level 3.8 Invocations


You had 6 spell levels left.
You didn't know any spells.

Dungeon Overview and Level Annotations

Branches:
Dungeon (4/15)
 Temple: D:4-7

Altars:
Xom

Annotations:
D:4 Dowan
Abyss:1 Duvessa


Innate Abilities, Weirdness & Mutations

Your body is rotting away.
You thrive on raw meat.
You are immune to poison.
You have sharp fingernails.
You are carnivorous and can eat meat at any time.
Your flesh is cold resistant. (rC+)
You are immune to negative energy. (rN+++)
You regenerate slowly when monsters are visible.
You are immune to unholy pain and torment.
You can survive without breathing.


Message History

Aim: Dowan, wielding a dagger and wearing a robe (almost dead, heavily drained, chance to defeat MR: 82%) Lugonu claims a new guest.
Dowan screams, "No!
Oh no!"
Dowan seems to find hidden reserves of power!
Reactivating autopickup.
Your Long Blades skill increases to level 1!
You feel a bit more experienced.
You feel somewhat more hungry.
Throwing (i - inventory):
j - 6 javelins (quivered)
Press: ? - help, Shift-Dir - straight line, f/p - Dowan
Aim: Dowan, wielding a dagger and wearing a robe (almost dead, fast, heavily drained)
You throw a javelin. The javelin barely misses Dowan.
You block Dowan's attack.
You hit Dowan but do no damage.
Dowan is almost dead.
Dowan hits you but does no damage. x2
You closely miss Dowan.
Dowan is severely wounded.
Dowan hits you but does no damage. Dowan casts a spell at you.
The stone arrow hits you!
You die...

.......
#+########........'...
..................#..
..................#.###.
.......................
...................#)##
......................
...................#
##.....###.....§@..#.#..
#.....# ###...§e.......
####### #..§....#.#.#
#.......# # #.........#
#........## #..........
#(......###. #.......#


You could see Dowan.

Vanquished Creatures
  An ogre (D:4)
  A hound (D:4)
  2 orc priests (D:3)
  An orc wizard (D:4)
  2 worker ants
  9 gnolls (D:3)
  8 adders
  An ooze (D:1)
  A dart slug (D:1)
  A leopard gecko (D:1)
  12 orcs
  A ball python (D:1)
  6 bats
  3 giant cockroaches
  9 goblins
  4 hobgoblins
  10 jackals
  2 quokkas (D:4)
  4 frilled lizards
  4 kobolds
  5 rats
87 creatures vanquished.

Notes
Turn   | Place    | Note
-------+----------+-------------------------------------------
     0 | Abyss:1  | Gargoyl the Ghoul Abyssal Knight began the quest for the Orb.
     0 | Abyss:1  | Reached XP level 1. HP: 19/19 MP: 1/1
    63 | Abyss:2  | Noticed a large abomination
    74 | Abyss:2  | Noticed a crimson imp
    98 | Abyss:2  | Noticed a quasit
   102 | D:1      | Escaped the Abyss
   231 | D:1      | Reached * piety under Lugonu
   327 | D:1      | Reached XP level 2. HP: 26/27 MP: 2/2
   803 | D:1      | Reached XP level 3. HP: 33/33 MP: 3/3
  1025 | D:2      | Reached skill level 1 in Dodging
  1157 | D:2      | Reached XP level 4. HP: 39/40 MP: 4/4
  1848 | D:3      | Reached ** piety under Lugonu
  1945 | D:4      | Reached XP level 5. HP: 36/46 MP: 6/6
  2049 | D:4      | Noticed an ogre
  2055 | D:4      | Noticed an ogre
  2113 | D:3      | Reached XP level 6. HP: 26/52 MP: 7/7
  2724 | D:2      | Found a shimmering altar of Xom.
  3041 | D:4      | Reached *** piety under Lugonu
  3041 | D:4      | Reached XP level 7. HP: 15/60 MP: 8/8
  3121 | D:4      | Noticed Dowan
  3122 | D:4      | Noticed Duvessa
  3156 | D:4      | Banished Duvessa
  3156 | D:4      | Reached skill level 1 in Long Blades
  3159 | D:4      | Killed from afar by Dowan

Skill      XL: |  1  2  3  4  5  6  7 |
---------------+----------------------+-----
Armour         | 2 3 4 |  4.3
Axes           | 2 3 |  3.8
Fighting       | 4 |  4.5
Dodging        | 1 |  1.1
Invocations    | 3 |  3.8
Long Blades    | 1 |  1.0
Throwing       | |  0.6

Action                   |  1- 3 |  4- 6 |  7- 9 || total
-------------------------+-------+-------+-------++-------
Melee: Hand axe          |   108 |   165 |       ||   273
       Long sword        |       |    33 |    33 ||    66
Throw: Javelin           |    21 |     7 |     1 ||    29
Invok: Depart the Abyss  |     1 |       |       ||     1
       Banish            |       |       |     1 ||     1
  Use: Scroll            |     6 |     3 |       ||     9
       Potion            |       |     4 |       ||     4
  Eat: Chunk             |    11 |    30 |     7 ||    48
Armor: Chain mail        |    96 |   177 |       ||   273
       Plate armour      |       |    28 |    74 ||   102
Dodge: Dodged            |    40 |    92 |    13 ||   145
Block: Buckler           |       |     4 |     7 ||    11
       Rpst.: Long sword |       |     3 |     3 ||     6
